Map: Croisement de Kairos EC

Players

Sorandom

  • Race: Zerg Zerg
  • League: Diamond
  • Spawn Location: 11:00

IA (très facile)

  • Race: Terran Terran
  • Spawn Location: 5:00

VOD

Have the link to the VOD?

Description

Time

  • Played on: April 3, 2019, 4:41 p.m.
  • Length: 2:52
Show
View Real Time Build Order
Export as new Build Order

Sorandom Zerg 

Build Orders:  

Get SALT Encoding   

  1  0:00  Protoss Air Armor Level 3, Zerg Flyer Weapons Level 3, Protoss Ground Weapons Level 1, Terran Ship Weapons Level 2, Protoss Air Weapons Level 3, Protoss Air Weapons Level 2, Zerg Flyer Armor Level 3, Protoss Air Armor Level 2, Terran Vehicle Weapons Level 3, Protoss Ground Armor Level 2, Terran Vehicle Weapons Level 2, Terran Vehicle Weapons Level 1, Protoss Ground Armor Level 1, Terran Vehicle Armor Level 3, Stimpack, Terran Infantry Weapons Level 3, Protoss Ground Weapons Level 3, Terran Ship Weapons Level 1, Zerg Melee Weapons Level 1, Terran Ship Armor Level 1, Protoss Ground Armor Level 3, Blink, Protoss Shields Level 1, Protoss Shields Level 2, Terran Ship Armor Level 2, Terran Infantry Armor Level 2, Protoss Shields Level 3, Protoss Air Weapons Level 1, Zerg Melee Weapons Level 2, Zerg Missile Weapons Level 2, Protoss Air Armor Level 1, Terran Vehicle Armor Level 2, Zerg Ground Armor Level 1, Zerg Missile Weapons Level 1, Terran Ship Weapons Level 3, Terran Vehicle Armor Level 1, Zerg Ground Armor Level 2, Terran Infantry Armor Level 3, Protoss Ground Weapons Level 2, Terran Ship Armor Level 3, Terran Infantry Armor Level 1, Zerg Ground Armor Level 3, Zerg Missile Weapons Level 3, Zerg Flyer Weapons Level 2, Terran Infantry Weapons Level 1, Terran Infantry Weapons Level 2, Zerg Flyer Weapons Level 1, Zerg Flyer Armor Level 2, Zerg Melee Weapons Level 3, Zerg Flyer Armor Level 1  
  12  0:02  Charge, Weapon Refit, Extended Thermal Lance, Resonating Glaives, Neosteel Armor, Warp Gate  
    0:09  Adrenal Glands, Ventral Sacs  
    0:15  Enduring Locusts  
    0:16  Overlord, Personal Cloaking  
    0:22  Drone x12  
    0:23  Neural Parasite, Combat Shield, Corvid Reactor, Psionic Storm, Chitinous Plating, Tunneling Claws, Metabolic Boost, Neosteel Frame, Centrifical Hooks, Durable Materials, Glial Reconstitution, Cloaking Field, Infernal Pre-Igniter  
    0:31  Burrow, Muscular Augments x2  
    0:34  Unknown  
  12  0:38  Drone  
  13  0:45  Gravitic Drive, Hi-Sec Auto Tracking, Behemoth Reactor, Pathogen Glands, Gravitic Boosters, Caduceus Reactor, Graviton Catapult, Moebius Reactor  
  13  0:52  Drone  
  14  0:58  Overlord  
  14  0:59  Pneumatized Carapace, Concussive Shells  
  14  1:20  Drone x3  
  17  1:37  Overlord  
  17  1:42  Unknown x5  
  17  1:43  Drone x12  
    1:55  Unknown  
    2:01  Drone  
  13  2:13  Overlord  
  13  2:24  Drone  
  14  2:31  Drone x2  
  16  2:39  Drone  
Show
View Real Time Build Order
Export as new Build Order

IA (très facile) Terran 

Build Orders: Banshee Rush 

Get SALT Encoding   

  1  0:00  Protoss Air Armor Level 3, Zerg Flyer Weapons Level 3, Protoss Ground Weapons Level 1, Terran Ship Weapons Level 2, Protoss Air Weapons Level 3, Protoss Air Weapons Level 2, Zerg Flyer Armor Level 3, Protoss Air Armor Level 2, Terran Vehicle Weapons Level 3, Protoss Ground Armor Level 2, Terran Vehicle Weapons Level 2, Terran Vehicle Weapons Level 1, Protoss Ground Armor Level 1, Terran Vehicle Armor Level 3, Stimpack, Terran Infantry Weapons Level 3, Protoss Ground Weapons Level 3, Terran Ship Weapons Level 1, Zerg Melee Weapons Level 1, Terran Ship Armor Level 1, Protoss Ground Armor Level 3, Blink, Protoss Shields Level 1, Protoss Shields Level 2, Terran Ship Armor Level 2, Terran Infantry Armor Level 2, Protoss Shields Level 3, Protoss Air Weapons Level 1, Zerg Melee Weapons Level 2, Zerg Missile Weapons Level 2, Protoss Air Armor Level 1, Terran Vehicle Armor Level 2, Zerg Ground Armor Level 1, Zerg Missile Weapons Level 1, Terran Ship Weapons Level 3, Terran Vehicle Armor Level 1, Zerg Ground Armor Level 2, Terran Infantry Armor Level 3, Protoss Ground Weapons Level 2, Terran Ship Armor Level 3, Terran Infantry Armor Level 1, Zerg Ground Armor Level 3, Zerg Missile Weapons Level 3, Zerg Flyer Weapons Level 2, Terran Infantry Weapons Level 1, Terran Infantry Weapons Level 2, Zerg Flyer Weapons Level 1, Zerg Flyer Armor Level 2, Zerg Melee Weapons Level 3, Zerg Flyer Armor Level 1  
  12  0:02  Charge, Weapon Refit, Extended Thermal Lance, Resonating Glaives, Neosteel Armor, Warp Gate  
    0:09  Adrenal Glands, Ventral Sacs  
    0:15  Enduring Locusts  
    0:16  Personal Cloaking  
    0:22  SCV x12  
    0:23  Neural Parasite, Combat Shield, Corvid Reactor, Psionic Storm, Chitinous Plating, Tunneling Claws, Metabolic Boost, Neosteel Frame, Centrifical Hooks, Durable Materials, Glial Reconstitution, Cloaking Field, Infernal Pre-Igniter  
    0:31  Burrow, Muscular Augments x2  
    0:34  Unknown  
    0:35  SCV  
  13  0:45  Gravitic Drive, Hi-Sec Auto Tracking, Behemoth Reactor, Pathogen Glands, Gravitic Boosters, Caduceus Reactor, Graviton Catapult, Moebius Reactor  
  13  0:47  SCV  
  14  0:53  Supply Depot  
  14  0:59  Pneumatized Carapace, Concussive Shells, SCV  
  15  1:15  SCV  
  16  1:27  SCV  
  17  1:38  Command Center  
  17  1:42  Unknown x5  
  17  1:43  SCV x12  
    1:55  Unknown  
    1:57  SCV  
  13  2:09  SCV  
  13  2:14  Supply Depot  
  14  2:21  SCV  
  15  2:36  SCV  
Tags
 
League
Diamond
Matchup
TvZ
Replay Pack
Pack 2
Spawn Locations
Cross Positions
Strategy
Banshee Rush
Add a new tag
Caveats
  • Supply blocks, unpowered buildings, or Contaminate may cause inaccurate times.
  • Supply counts are checked every 10 seconds.